[Event "Titled Tuesday Blitz February 28 Early 2023"]
[White "Costachi, Mihnea"]
[Black "Arabidze, Meri"]
[WhiteFideId "1217518"]
[BlackFideId "13604040"]
[WhiteElo "2456"]
[BlackElo "2405"]
[Result "1/2-1/2"]
[Round "09"]
[TimeControl "180+2"]
[Date "2023.02.28"]
[WhiteClock "0:00:16"]
[BlackClock "0:00:09"]

1. Nc3 c5 2. Nf3 Nc6 3. e3 e6 4. d4 d5 5. b3 cxd4 6. exd4 Bb4 7. Bd2 Nf6 8. Bd3 Qa5 9. Ne2 Bxd2+ 10. Qxd2 Qxd2+ 11. Nxd2 Nb4 12. Nc1 Nxd3+ 13. Nxd3 b6 14. Ne5 Ba6 15. O-O-O O-O 16. Kb2 Rac8 17. f3 Rfd8 18. c3 Ne8 19. Rhe1 Nd6 20. Rc1 f6 21. Ng4 Kf7 22. Nf2 Rc7 23. g4 Rdc8 24. Re3 Nb5 25. Nd3 Nxc3 26. Rxc3 Rxc3 27. Ne5+ fxe5 28. Rxc3 exd4 29. Rxc8 Bxc8 30. f4 g5 31. fxg5 e5 32. Nf3 e4 33. Nxd4 Bxg4 34. Kc3 Kg6 35. Nc6 Kxg5 36. Nxa7 Kf4 37. Nc6 e3 38. Kd3 e2 39. Kd2 Kf3 40. Ne5+ Kf4 41. Nxg4 Kxg4 42. Kxe2 Kf4 43. Kd3 h5 44. a4 Ke5 45. h4 Kd6 46. Kd4 Kc6 47. b4 Kd6 48. a5 bxa5 49. bxa5 Kc6 50. a6 Kb6 51. Kxd5 Kxa6 52. Ke5 Kb6 53. Kf5 Kc6 54. Kg5 Kd6 55. Kxh5 Ke7 56. Kg6 Kf8 57. Kh7 Kf7 58. h5 Kf8 59. Kg6 Kg8 60. h6 Kh8 61. Kf6 Kh7 62. Kg5 Kh8 63. Kg6 Kg8 64. h7+ Kh8 65. Kf5 Kxh7 1/2-1/2


[Site "https://www.chess.com"]

[Event "Titled Tuesday Blitz February 28 Early 2023"]
[White "Mirzoev, Azer"]
[Black "Poliakova, Varvara"]
[WhiteFideId "13400304"]
[BlackFideId "13518313"]
[WhiteElo "2525"]
[BlackElo "2075"]
[Result "0-1"]
[Round "09"]
[TimeControl "180+2"]
[Date "2023.02.28"]
[WhiteClock "0:00:02"]
[BlackClock "0:00:13"]

1. Nf3 f5 2. c4 d6 3. b4 e5 4. e3 Nf6 5. Nc3 g6 6. d4 e4 7. Nd2 Bg7 8. a4 a5 9. b5 O-O 10. Be2 c5 11. Nb3 b6 12. Bb2 g5 13. h4 g4 14. g3 Be6 15. Rc1 Nbd7 16. O-O Qe7 17. Rc2 Rad8 18. Rd2 Bf7 19. Kg2 Rfe8 20. Qc2 Rc8 21. Rfd1 Red8 22. Qb1 Nf8 23. Qa1 Ne6 24. dxc5 dxc5 25. Nd5 Nxd5 26. cxd5 Bxb2 27. Qxb2 Nf8 28. Bc4 Rd6 29. Na1 Rcd8 30. Nc2 Ng6 31. Na3 Qe5 32. Qa2 Qc3 33. Bb3 h5 34. Nc4 Qf6 35. Nxd6 Rxd6 36. Qa1 Ne5 37. Ba2 Kg7 38. Kf1 Nd3 39. Qb1 Bxd5 40. Bxd5 Rxd5 41. Qb3 Qd6 42. Qc4 Kf6 43. Kg1 Qe6 44. Rc2 Rd6 45. Qc3+ Qe5 46. Qb3 Qe6 47. Rb1 Qxb3 48. Rxb3 Nb4 49. Rc1 Rd2 50. Rbb1 Ra2 51. Rd1 Nd3 52. Ra1 Rc2 53. Ra3 c4 54. Raa1 Ke5 55. Rdb1 Kd5 56. Rd1 Kc5 57. Rab1 c3 58. Rb3 Kc4 59. Ra3 Rd2 60. Rda1 c2 61. R3a2 Nb4 62. Ra3 Rd1+ 63. Kg2 Rxa1 64. Rxa1 Nd3 0-1


[Site "https://www.chess.com"]

[Event "Titled Tuesday Blitz February 28 Early 2023"]
[White "Martynov, Pavel"]
[Black "Aydincelebi, Kagan"]
[WhiteFideId "4101260"]
[BlackFideId "6361102"]
[WhiteElo "2314"]
[BlackElo "2180"]
[Result "1-0"]
[Round "09"]
[TimeControl "180+2"]
[Date "2023.02.28"]
[WhiteClock "0:01:47"]
[BlackClock "0:00:43"]

1. e4 c5 2. Nf3 Nc6 3. Bb5 g6 4. O-O Bg7 5. c3 e5 6. d4 exd4 7. cxd4 cxd4 8. Bf4 Nge7 9. Bd6 O-O 10. Na3 a6 11. Bc4 b5 12. Bd5 Bb7 13. Re1 Na5 14. Rc1 Rc8 15. b4 Nxd5 16. Rxc8 Qxc8 17. exd5 Nc4 18. Nxc4 Qxc4 19. Bxf8 Kxf8 20. Qd2 Qxd5 21. Qf4 d6 22. Qh4 f6 23. Qxd4 Qxd4 24. Nxd4 Kf7 25. Rc1 Bd5 26. Rc7+ Kg8 27. Rd7 Bxa2 28. Rxd6 f5 29. Rxa6 Bc4 30. Ra8+ Kf7 31. Ra7+ Kf6 32. Ra5 Bf8 33. Nxb5 Bxb4 34. Ra4 Bxb5 35. Rxb4 Bd3 36. f4 Be4 37. Kf2 h6 38. Rb6+ Kg7 39. h4 Kf7 40. g3 Kg7 41. Ke3 Kf7 42. Kd4 Bf3 43. Ke5 Be4 44. Ra6 Bf3 45. Ra7+ 1-0


[Site "https://www.chess.com"]

[Event "Titled Tuesday Blitz February 28 Early 2023"]
[White "Csonka, Balazs"]
[Black "Gabdrakhmanov, Azat"]
[WhiteFideId "742910"]
[BlackFideId "34189197"]
[WhiteElo "2404"]
[BlackElo "2315"]
[Result "1-0"]
[Round "09"]
[TimeControl "180+2"]
[Date "2023.02.28"]
[WhiteClock "0:00:10"]
[BlackClock "0:00:05"]

1. e4 c5 2. Nf3 e6 3. b3 d6 4. Bb2 e5 5. Bc4 Be7 6. O-O Nf6 7. Re1 O-O 8. c3 Nc6 9. d4 Bg4 10. dxc5 dxc5 11. Nbd2 Qc7 12. Be2 Rad8 13. Qc2 Nh5 14. g3 Nf6 15. Nc4 Bh5 16. Nh4 Bg6 17. Nxg6 hxg6 18. Ne3 Rd7 19. Bf3 Rfd8 20. Nd5 Qd6 21. Rad1 Qe6 22. Kg2 Bf8 23. Qe2 Ne7 24. Ne3 Nc6 25. Rd5 Qe8 26. Rxd7 Rxd7 27. Rd1 a6 28. Rxd7 Qxd7 29. Nd5 Bd6 30. Bc1 Nxd5 31. exd5 Ne7 32. c4 f5 33. Qc2 e4 34. Be2 Be5 35. f3 exf3+ 36. Bxf3 Qd6 37. Qe2 Kf7 38. Bg5 Ng8 39. g4 Nf6 40. gxf5 gxf5 41. Bh5+ g6 42. Bf3 Bxh2 43. Qe6+ Qxe6 44. dxe6+ Kxe6 45. Kxh2 b5 46. Bb7 bxc4 47. bxc4 Ne4 48. Bxe4 fxe4 49. Be3 Kd6 50. Kg3 Kc6 51. Kf4 Kb6 52. Kxe4 Ka5 53. Bxc5 1-0


[Site "https://www.chess.com"]

[Event "Titled Tuesday Blitz February 28 Early 2023"]
[White "Shapiro, Viktor"]
[Black "Belozerov, Andrei"]
[WhiteFideId "4175700"]
[BlackFideId "4120213"]
[WhiteElo "2132"]
[BlackElo "2360"]
[Result "1-0"]
[Round "09"]
[TimeControl "180+2"]
[Date "2023.02.28"]
[WhiteClock "0:01:14"]
[BlackClock "0:00:02"]

1. c4 e6 2. Nc3 d5 3. g3 d4 4. Na4 Nf6 5. Bg2 Be7 6. a3 a5 7. d3 O-O 8. Nf3 Nc6 9. Rb1 e5 10. O-O Re8 11. Bg5 Bf8 12. Nd2 h6 13. Bxf6 Qxf6 14. Ne4 Qd8 15. Qb3 Rb8 16. Qb5 Bg4 17. Rfe1 Qc8 18. Nec5 Bh3 19. Bd5 Ne7 20. Bxb7 Qf5 21. Qxa5 Ng6 22. Be4 Qg5 23. Bg2 Kh7 24. Ne4 Qh5 25. Qxc7 Kh8 26. Bxh3 Qxh3 27. Qxf7 Re6 28. Qf3 Be7 29. Qg2 Qf5 30. b4 Rf8 31. Rf1 h5 32. Nac5 Bxc5 33. bxc5 h4 34. Rb6 h3 35. Qf3 Qxf3 36. exf3 1-0


[Site "https://www.chess.com"]

[Event "Titled Tuesday Blitz February 28 Early 2023"]
[White "Kucuksari, Kaan"]
[Black "Odegov, Artem"]
[WhiteFideId "6380166"]
[BlackFideId "34183644"]
[WhiteElo "2364"]
[BlackElo "2300"]
[Result "1/2-1/2"]
[Round "09"]
[TimeControl "180+2"]
[Date "2023.02.28"]
[WhiteClock "0:01:14"]
[BlackClock "0:00:47"]

1. d4 d5 2. Nf3 c5 3. c4 e6 4. cxd5 exd5 5. Nc3 Nc6 6. g3 Nf6 7. Bg2 Be7 8. O-O O-O 9. b3 Ne4 10. Bb2 Bf6 11. Na4 b5 12. Nxc5 Nxc5 13. Rc1 Nxd4 14. Bxd4 Ne4 15. Bxf6 Nxf6 16. Nd4 Bd7 17. Nc6 Bxc6 18. Rxc6 Re8 19. Rc5 Qb6 20. b4 a5 21. a3 axb4 22. axb4 Ra4 23. Qd2 h6 24. Bxd5 Nxd5 25. Rxd5 Qe6 26. Rxb5 Qxe2 27. Qxe2 Rxe2 28. Rb8+ Kh7 29. Rb7 Kg6 30. b5 Rb2 31. h4 Rab4 32. Rc1 Rxb5 33. Rc6+ f6 34. h5+ Kh7 35. Rxb5 Rxb5 36. g4 Rg5 37. f3 f5 38. Rc4 fxg4 39. fxg4 g6 40. hxg6+ Kxg6 41. Kf2 h5 42. gxh5+ Kxh5 43. Kf3 1/2-1/2


[Site "https://www.chess.com"]

[Event "Titled Tuesday Blitz February 28 Early 2023"]
[White "Srihari L R"]
[Black "Ilinca Ilinca, Felix Antonio"]
[WhiteFideId "46617116"]
[BlackFideId "54764998"]
[WhiteElo "2334"]
[BlackElo "2031"]
[Result "0-1"]
[Round "09"]
[TimeControl "180+2"]
[Date "2023.02.28"]
[WhiteClock "0:00:40"]
[BlackClock "0:01:29"]

1. d4 d5 2. c4 e5 3. dxe5 d4 4. Nf3 Nc6 5. a3 Nge7 6. b4 Ng6 7. Bb2 a5 8. b5 Ncxe5 9. Nxe5 Nxe5 10. Qxd4 Qxd4 11. Bxd4 Nxc4 12. e3 Be6 13. f4 Nd6 14. Kf2 Nf5 15. Bb2 O-O-O 16. g4 Nxe3 17. Kxe3 Bc5+ 18. Kf3 Bd5+ 19. Kg3 Bxh1 20. Nc3 Rhe8 21. Bc4 Re3+ 22. Kh4 Bg2 23. g5 h5 24. gxh6 Be7+ 25. Kh5 g6+ 26. Kg4 f5# 0-1


[Site "https://www.chess.com"]

[Event "Titled Tuesday Blitz February 28 Early 2023"]
[White "Averjanov, Alexey"]
[Black "Ordekalog"]
[WhiteFideId "14109867"]
[WhiteElo "2663"]
[BlackElo "2582"]
[Result "1-0"]
[Round "09"]
[TimeControl "180+2"]
[Date "2023.02.28"]
[WhiteClock "0:00:06"]
[BlackClock "0:00:01"]

1. d4 d5 2. c4 e6 3. Nf3 c5 4. dxc5 Bxc5 5. e3 Nf6 6. a3 a6 7. b4 Ba7 8. Bb2 O-O 9. Nbd2 Nc6 10. Rc1 Qe7 11. Be2 dxc4 12. Nxc4 Rd8 13. Qb3 Bd7 14. O-O Rac8 15. Rfd1 Be8 16. h3 h6 17. Nce5 Bb8 18. Rxd8 Rxd8 19. Rd1 Rxd1+ 20. Qxd1 Nxe5 21. Nxe5 Nd7 22. Nc4 Bc7 23. Bf3 b5 24. Na5 Bxa5 25. bxa5 Nf6 26. Qd4 Qd7 27. Qb6 Qc8 28. Bb7 Qc2 29. Bxf6 Qd1+ 30. Kh2 gxf6 31. Bxa6 Qd2 32. Bb7 Qxf2 33. a6 f5 34. a7 f4 35. Qa5 Qg3+ 36. Kh1 fxe3 37. a8=Q e2 38. Qxe8+ Kg7 39. Qexb5 e1=Q+ 40. Qxe1 Qxe1+ 41. Kh2 Qe3 42. Qb2+ f6 43. Bf3 Qf4+ 44. Kh1 Qc4 45. Qb7+ Kg8 46. Qa8+ Kg7 47. Qb7+ Kg8 48. Qb8+ Kg7 49. Qg3+ Kf7 50. Qe1 Kg7 51. Bd1 Qc1 52. a4 Kf8 53. a5 Qa1 54. Kg1 Kg7 55. Kf1 Kf8 56. Be2 Qe5 57. a6 Qf4+ 58. Kg1 Qd4+ 59. Kh1 Qa7 60. Bf1 Ke7 61. Qb4+ Kf7 62. Qb7+ 1-0


[Site "https://www.chess.com"]

[Event "Titled Tuesday Blitz February 28 Early 2023"]
[White "Krstulovic, Alex"]
[Black "Weetik, Vjacheslav"]
[WhiteFideId "760056"]
[BlackFideId "4153472"]
[WhiteElo "2311"]
[BlackElo "2469"]
[Result "1-0"]
[Round "09"]
[TimeControl "180+2"]
[Date "2023.02.28"]
[WhiteClock "0:01:34"]
[BlackClock "0:00:17"]

1. d4 Nf6 2. Nf3 g6 3. c4 Bg7 4. Nc3 d6 5. e4 O-O 6. Be2 e5 7. O-O Nc6 8. d5 Ne7 9. Kh1 a5 10. a3 Nd7 11. g4 Kh8 12. Rg1 Nc5 13. Be3 f5 14. gxf5 gxf5 15. Ng5 Ng8 16. Bh5 Nh6 17. Nxh7 f4 18. Nxf8 Qxf8 19. Bxc5 dxc5 20. Nb5 Qd8 21. Rxg7 Kxg7 22. Qg1+ Kh8 23. Qg6 Ra6 24. d6 Rxd6 25. Nxd6 Qxd6 26. Qe8+ Kg7 27. Rg1+ 1-0


[Site "https://www.chess.com"]

[Event "Titled Tuesday Blitz February 28 Early 2023"]
[White "Dehtiarov, Roman"]
[Black "Andreev, Konstantin"]
[WhiteFideId "14186640"]
[BlackFideId "24239305"]
[WhiteElo "2162"]
[BlackElo "2106"]
[Result "1-0"]
[Round "09"]
[TimeControl "180+2"]
[Date "2023.02.28"]
[WhiteClock "0:00:05"]
[BlackClock "0:00:01"]

1. e4 c5 2. Nc3 e6 3. f4 Nc6 4. Nf3 Nge7 5. Bb5 d6 6. O-O g6 7. d3 Bg7 8. Qe1 O-O 9. Be3 a6 10. Bxc6 Nxc6 11. Rd1 Qc7 12. Qh4 b5 13. Ne2 f5 14. Ng3 Bxb2 15. e5 dxe5 16. Bxc5 Rd8 17. fxe5 Nxe5 18. d4 Nxf3+ 19. Rxf3 Bb7 20. Rff1 Qc6 21. Rf2 e5 22. Rd3 exd4 23. Nxf5 gxf5 24. Rg3+ Kh8 25. Qe7 d3 26. c3 Bxc3 27. Rxf5 d2 28. Rf1 d1=Q 29. Rxd1 Rxd1+ 30. Kf2 Qxc5+ 31. Qxc5 Bd4+ 32. Ke2 Bxc5 33. Kxd1 Rd8+ 34. Kc2 Be4+ 35. Kc3 Bd4+ 36. Kb4 Rc8 37. Ka5 Bd5 38. Rd3 Bc3+ 39. Kxa6 Be4 40. Re3 Bf5 41. Kxb5 Kg7 42. Rg3+ Kf6 43. Rf3 Be5 44. g4 Rb8+ 45. Kc6 Rc8+ 46. Kb5 Ke6 47. Rxf5 Ra8 48. a4 Rb8+ 49. Kc4 Ra8 50. Kb5 Rb8+ 51. Kc4 Ra8 52. Kb3 Kd5 53. Rh5 Ra7 54. h4 Kd4 55. Rf5 Rb7+ 56. Kc2 Rb4 57. Rh5 1-0


[Site "https://www.chess.com"]

[Event "Titled Tuesday Blitz February 28 Early 2023"]
[White "Buksa, Nataliya"]
[Black "Sadubayev, Airat"]
[WhiteFideId "14123622"]
[BlackFideId "13713264"]
[WhiteElo "2316"]
[BlackElo "2101"]
[Result "0-1"]
[Round "09"]
[TimeControl "180+2"]
[Date "2023.02.28"]
[WhiteClock "0:00:04"]
[BlackClock "0:00:08"]

1. d4 d5 2. Nc3 Nf6 3. Bf4 Bf5 4. e3 e6 5. Nf3 Bd6 6. Ne5 c6 7. g4 Bxe5 8. dxe5 Nxg4 9. h3 Nh6 10. Bxh6 gxh6 11. Bd3 Bg6 12. Qd2 Nd7 13. f4 Qh4+ 14. Qf2 Qxf2+ 15. Kxf2 f6 16. exf6 Nxf6 17. Rhg1 Kf7 18. Rg3 Rhg8 19. Rag1 Bf5 20. Kf3 Bxh3 21. e4 Bg4+ 22. Rxg4 Nxg4 23. Rxg4 Rxg4 24. Kxg4 Rg8+ 25. Kh5 Rg2 26. exd5 cxd5 27. Bxh7 Kf6 28. Nb5 a6 29. Nd6 b5 30. Ne8+ Ke7 31. Nc7 Rf2 32. Kg4 h5+ 33. Kg3 Rf1 34. Bd3 Rg1+ 35. Kh4 Rg4+ 36. Kxh5 Rxf4 37. Nxa6 Kd6 38. a3 e5 39. Bxb5 e4 40. Kg5 Rf2 41. Nb4 e3 42. Nd3 e2 43. a4 Rf1 44. a5 Rd1 45. a6 Rxd3 46. a7 e1=Q 47. a8=Q Qg3+ 48. Kf6 Qe5+ 49. Kf7 Rf3+ 50. Kg6 Qf5+ 51. Kg7 Rg3+ 52. Kh8 Qh3# 0-1


[Site "https://www.chess.com"]

[Event "Titled Tuesday Blitz February 28 Early 2023"]
[White "Todorovic, Bojan"]
[Black "Skvortsov, Andrei"]
[WhiteFideId "917087"]
[BlackFideId "24108600"]
[WhiteElo "2266"]
[BlackElo "2259"]
[Result "0-1"]
[Round "09"]
[TimeControl "180+2"]
[Date "2023.02.28"]
[WhiteClock "0:00:08"]
[BlackClock "0:00:08"]

1. Nf3 d5 2. g3 Nd7 3. d4 Ngf6 4. Bg2 Nb6 5. O-O e6 6. b3 c5 7. e3 Be7 8. Bb2 c4 9. Ne5 cxb3 10. axb3 O-O 11. Nd2 a5 12. c4 Nbd7 13. Nd3 Nb8 14. e4 dxe4 15. Nxe4 Nc6 16. Ne5 Qc7 17. Nxc6 bxc6 18. d5 Nxe4 19. Bxe4 cxd5 20. cxd5 exd5 21. Bxd5 Rb8 22. Qf3 Qb6 23. Rfe1 Bc5 24. Re8 Bxf2+ 25. Kg2 Bh3+ 26. Kxh3 Rbxe8 27. Rf1 Bd4 28. Bxf7+ Kh8 29. Bxe8 Rxf3 30. Rxf3 Qe6+ 31. g4 h5 32. Rf5 hxg4+ 33. Kxg4 Bxb2 34. Bf7 Qe4+ 0-1


[Site "https://www.chess.com"]

[Event "Titled Tuesday Blitz February 28 Early 2023"]
[White "Gauri, Shankar"]
[Black "Begunov, Konstantin"]
[WhiteFideId "5041350"]
[BlackFideId "4118510"]
[WhiteElo "2240"]
[BlackElo "2118"]
[Result "1/2-1/2"]
[Round "09"]
[TimeControl "180+2"]
[Date "2023.02.28"]
[WhiteClock "0:00:29"]
[BlackClock "0:01:16"]

1. e4 c5 2. Nf3 d6 3. Bb5+ Bd7 4. Bxd7+ Qxd7 5. c4 Nf6 6. Nc3 Nc6 7. d4 cxd4 8. Nxd4 Qg4 9. O-O Qxd1 10. Rxd1 Nxd4 11. Rxd4 Rc8 12. Bg5 e5 13. Rd3 Rxc4 14. Bxf6 gxf6 15. b3 Rc6 16. Nd5 Be7 17. Rg3 Rc2 18. Rd1 Rxa2 19. Rc3 Bd8 20. Rc8 O-O 21. g4 Kg7 22. Ne3 Bb6 23. Nf5+ Kg8 24. Ne7+ Kg7 25. Nf5+ Kg8 26. Nh6+ Kg7 27. Nf5+ 1/2-1/2


[Site "https://www.chess.com"]

[Event "Titled Tuesday Blitz February 28 Early 2023"]
[White "Ingebretsen, Jens E"]
[Black "Yuan, Qingyu"]
[WhiteFideId "1522965"]
[BlackFideId "8609772"]
[WhiteElo "2213"]
[BlackElo "2359"]
[Result "0-1"]
[Round "09"]
[TimeControl "180+2"]
[Date "2023.02.28"]
[WhiteClock "0:00:09"]
[BlackClock "0:00:04"]

1. d4 Nf6 2. c4 g6 3. Nc3 d5 4. cxd5 Nxd5 5. Bd2 Bg7 6. Nf3 O-O 7. h4 c5 8. dxc5 Nxc3 9. Bxc3 Bxc3+ 10. bxc3 Qa5 11. Qc1 Bg4 12. h5 Qxc5 13. hxg6 fxg6 14. e3 Bxf3 15. gxf3 Nc6 16. f4 e5 17. Qc2 exf4 18. Qb3+ Kh8 19. Bd3 Ne5 20. Be4 fxe3 21. f4 Rxf4 22. O-O-O Rc8 23. Qxb7 Qxc3+ 24. Kb1 Qc7 25. Rd8+ Kg7 26. Rxc8 Qxb7+ 27. Bxb7 Rb4+ 28. Kc2 Rxb7 29. Re1 Ng4 30. a4 h5 31. a5 Rd7 32. a6 Kh6 33. Rc6 h4 34. Rc4 Kh5 35. Rg1 Nf2 36. Re1 Rd2+ 37. Kc3 Rd3+ 38. Kc2 h3 39. Rc7 Kg4 40. Rxa7 Rd2+ 41. Kb3 h2 42. Rh7 h1=Q 43. Rhxh1 Nxh1 44. a7 Rd8 45. Rxh1 Ra8 46. Ra1 Kf3 47. Kc3 e2 48. Kd2 Kf2 49. Re1 Rd8+ 50. Kc2 Kxe1 0-1


[Site "https://www.chess.com"]

[Event "Titled Tuesday Blitz February 28 Early 2023"]
[White "Goltsev, Dmitry"]
[Black "Fiorito, Francisco"]
[WhiteFideId "24176710"]
[BlackFideId "180165"]
[WhiteElo "2302"]
[BlackElo "2341"]
[Result "1-0"]
[Round "09"]
[TimeControl "180+2"]
[Date "2023.02.28"]
[WhiteClock "0:01:18"]
[BlackClock "0:00:13"]

1. e4 c5 2. Nf3 Nc6 3. d4 cxd4 4. Nxd4 g6 5. Nc3 Bg7 6. Be3 Nf6 7. Be2 O-O 8. O-O d5 9. exd5 Nxd5 10. Nxd5 Qxd5 11. Bf3 Qc4 12. b3 Qc3 13. Nxc6 bxc6 14. Rc1 Bf5 15. Qe2 a5 16. Rfd1 Rfd8 17. Bb6 Rxd1+ 18. Rxd1 Bf6 19. Be4 Bxe4 20. Qxe4 Kg7 21. g3 h5 22. h4 Ra6 23. Be3 Qb4 24. c4 c5 25. Rd8 a4 26. Qf4 Bc3 27. Qh6+ Kf6 28. Qg5+ Ke6 29. Bxc5 Qb7 30. Re8 Bf6 31. Qe3+ Kf5 32. Bxe7 Kg4 33. Bxf6 Rxf6 34. Re4+ Kh3 35. g4+ Kxh4 36. g5+ Qxe4 37. Qg3# 1-0


[Site "https://www.chess.com"]

[Event "Titled Tuesday Blitz February 28 Early 2023"]
[White "Md, Imran"]
[Black "Jimenez Almeida, Luis David"]
[WhiteFideId "25748580"]
[BlackFideId "22242244"]
[WhiteElo "2217"]
[BlackElo "2245"]
[Result "1-0"]
[Round "09"]
[TimeControl "180+2"]
[Date "2023.02.28"]
[WhiteClock "0:01:14"]
[BlackClock "0:01:20"]

1. Nf3 g6 2. e4 Bg7 3. d4 c6 4. Nc3 d6 5. Be2 Na6 6. h4 h5 7. Bf4 Nc7 8. Qd2 Nf6 9. O-O-O O-O 10. Kb1 b5 11. e5 Nfd5 12. Bg5 Nxc3+ 13. Qxc3 Be6 14. Qxc6 Bd5 15. Qc3 a5 16. exd6 Qxd6 17. Qc5 Qd7 18. Ne5 Bxe5 19. dxe5 e6 20. Bf6 Rfc8 21. Qe3 Ne8 22. Qh6 1-0


[Site "https://www.chess.com"]

[Event "Titled Tuesday Blitz February 28 Early 2023"]
[White "Starozhilov, Leonid"]
[Black "Stijve, Theo"]
[WhiteFideId "14106752"]
[BlackFideId "1331132"]
[WhiteElo "2414"]
[BlackElo "2256"]
[Result "0-1"]
[Round "09"]
[TimeControl "180+2"]
[Date "2023.02.28"]
[WhiteClock "0:00:02"]
[BlackClock "0:00:46"]

1. e4 c5 2. Nf3 e6 3. d4 cxd4 4. Nxd4 Nc6 5. Nc3 Qc7 6. Be3 a6 7. Qf3 Bd6 8. O-O-O Be5 9. Be2 Nge7 10. Qh5 b5 11. Nxc6 Nxc6 12. Rhf1 Bxc3 13. bxc3 Bb7 14. Bc5 Qe5 15. Qxe5 Nxe5 16. Bd4 f6 17. f3 Rc8 18. Kb2 Nc4+ 19. Bxc4 Rxc4 20. e5 f5 21. a3 Bd5 22. Bb6 Ke7 23. Rd4 Rc6 24. Ba5 Rhc8 25. Rfd1 Rc4 26. Bb4+ Kf7 27. Rxc4 Rxc4 28. Rd4 Rc8 29. Kc1 Ra8 30. Ba5 g5 31. Kd2 Kg6 32. h3 h5 33. h4 g4 34. fxg4 fxg4 35. Rf4 Bxg2 36. Rf6+ Kg7 37. Bb4 a5 38. Bd6 Rc8 39. Be7 Be4 40. Bd6 Bf5 41. Ke3 Rxc3+ 42. Kf4 g3 43. Kg5 g2 44. Bf8+ Kg8 45. Bc5 Rxc5 46. Kxh5 g1=Q 0-1


[Site "https://www.chess.com"]

[Event "Titled Tuesday Blitz February 28 Early 2023"]
[White "Diaz Perez, Michel Alejandro"]
[Black "Florescu, Codrut-Constantin"]
[WhiteFideId "3517179"]
[BlackFideId "1202200"]
[WhiteElo "2333"]
[BlackElo "2191"]
[Result "1-0"]
[Round "09"]
[TimeControl "180+2"]
[Date "2023.02.28"]
[WhiteClock "0:00:22"]
[BlackClock "0:00:22"]

1. Nf3 d5 2. c4 e6 3. e3 Nf6 4. b3 b6 5. Bb2 Bb7 6. Qc2 a6 7. a3 Nbd7 8. Nc3 Bd6 9. Be2 O-O 10. O-O Re8 11. d4 c5 12. cxd5 exd5 13. Rfd1 b5 14. dxc5 Nxc5 15. Rac1 Qe7 16. Nd4 g6 17. b4 Ne6 18. Nxe6 Qxe6 19. Bf3 Rac8 20. Qb3 Rc4 21. Ne2 Rec8 22. Nd4 Qe5 23. g3 Qg5 24. Qd3 Be5 25. Qe2 Ne4 26. Rxc4 dxc4 27. Qc2 c3 28. Bc1 Nd6 29. Bxb7 Nxb7 30. Nf3 Qf6 31. Qe4 Nd6 32. Qxe5 Qxf3 33. Qxd6 h5 34. Qd5 Qe2 35. Qd3 Qf3 36. e4 Qg4 37. Kg2 Rc4 38. f3 Qe6 39. Bf4 Kg7 40. Rc1 Qf6 41. Qd5 Rd4 42. Be5 1-0


[Site "https://www.chess.com"]

[Event "Titled Tuesday Blitz February 28 Early 2023"]
[White "Martin Duque, Jesus"]
[Black "Seemann, Jakub"]
[WhiteFideId "2208954"]
[BlackFideId "21874697"]
[WhiteElo "2305"]
[BlackElo "2364"]
[Result "0-1"]
[Round "09"]
[TimeControl "180+2"]
[Date "2023.02.28"]
[WhiteClock "0:00:01"]
[BlackClock "0:00:08"]

1. Nf3 Nf6 2. b3 b6 3. g3 Bb7 4. Bg2 g6 5. Bb2 Bg7 6. O-O O-O 7. e3 d5 8. Qe2 Nbd7 9. Rd1 Re8 10. d4 Ne4 11. c4 dxc4 12. bxc4 c5 13. d5 Bxb2 14. Qxb2 Nd6 15. Nfd2 Qc7 16. Nc3 e5 17. dxe6 Rxe6 18. Nd5 Qd8 19. e4 Bxd5 20. cxd5 Re8 21. f4 f6 22. a4 Qe7 23. Re1 Rac8 24. Qc3 c4 25. Re3 Nc5 26. e5 Nf5 27. Re2 Nb3 28. Ne4 fxe5 29. fxe5 Nbd4 30. Rae1 Qxe5 31. Nf6+ Qxf6 32. Rxe8+ Rxe8 33. Rxe8+ Kf7 34. Qe1 c3 35. d6 Qxd6 36. g4 Ne7 37. Rh8 c2 38. Rxh7+ Kf8 39. Qf2+ Nef5 40. gxf5 c1=Q+ 41. Bf1 Qg5+ 42. Bg2 Qxf5 43. Rh8+ Kg7 44. Rh4 Ne2+ 45. Kh1 Qdc5 46. Qe1 Qcf2 47. Qa1+ Qf6 48. Rd4 Q2xd4 49. Qa2 Qg1# 0-1


[Site "https://www.chess.com"]

[Event "Titled Tuesday Blitz February 28 Early 2023"]
[White "Fiorito, Joaquin"]
[Black "Ilkhomi, Jaloliddin"]
[WhiteFideId "180173"]
[BlackFideId "14700948"]
[WhiteElo "2157"]
[BlackElo "2045"]
[Result "1-0"]
[Round "09"]
[TimeControl "180+2"]
[Date "2023.02.28"]
[WhiteClock "0:01:00"]
[BlackClock "0:00:18"]

1. d4 Nf6 2. Nc3 d5 3. Bf4 a6 4. e3 e6 5. g4 Bd6 6. Qf3 h6 7. h4 b6 8. g5 hxg5 9. hxg5 Rxh1 10. Qxh1 Bxf4 11. exf4 Ng8 12. Qh8 Kf8 13. Bd3 g6 14. Nf3 Nc6 15. O-O-O Bd7 16. Rh1 Qe7 17. Rh7 f5 18. Rxe7 Nxe7 19. Ne5 Be8 20. Qh7 c5 21. Nd1 c4 22. Be2 Ra7 23. Ne3 Nc6 24. Nxg6+ Bxg6 25. Qxg6 Nxd4 26. Bd1 Rg7 27. Qh5 b5 28. c3 Nc6 29. Qe2 b4 30. Nc2 bxc3 31. Qxe6 cxb2+ 32. Kb1 Nge7 33. Ne3 Nd4 34. Qd7 c3 35. Qd8+ Kf7 36. Nxd5 Nxd5 37. Qxd5+ Ne6 38. Bb3 Rg6 39. Qc6 Ke7 40. Qxc3 Rg8 41. Qe5 Rg6 42. Bxe6 Rxe6 43. Qxe6+ Kxe6 44. Kxb2 Kd5 45. Kc3 Ke4 46. g6 Kxf4 47. g7 Kf3 48. g8=Q Kxf2 49. Qf7 f4 50. Qxf4+ Ke2 51. Qa4 a5 52. Qxa5 Kf3 53. a4 Kf4 54. Qb5 Ke4 55. a5 Kf3 56. a6 Kf2 57. a7 Ke1 58. a8=Q Kd1 59. Qab7 Kc1 60. Kd3 Kd1 61. Qb1# 1-0


[Site "https://www.chess.com"]

[Event "Titled Tuesday Blitz February 28 Early 2023"]
[White "Sielecki, Christof"]
[Black "Lehtosaari, Mauri"]
[WhiteFideId "4620437"]
[BlackFideId "501999"]
[WhiteElo "2443"]
[BlackElo "2535"]
[Result "1-0"]
[Round "09"]
[TimeControl "180+2"]
[Date "2023.02.28"]
[WhiteClock "0:00:15"]
[BlackClock "0:00:01"]

1. e4 e6 2. d4 d5 3. Nd2 dxe4 4. Nxe4 Nd7 5. Nf3 Ngf6 6. Nxf6+ Nxf6 7. Be3 Be7 8. Qd2 a6 9. O-O-O O-O 10. Kb1 b5 11. Bd3 Bb7 12. h4 Be4 13. Bxe4 Nxe4 14. Qd3 Qd5 15. Ng5 f5 16. Nxe4 fxe4 17. Qe2 a5 18. c4 bxc4 19. Rc1 Bd6 20. Qxc4 Qf5 21. g3 Rfb8 22. Rhd1 a4 23. Rc2 Rb4 24. Qc6 Rab8 25. d5 e5 26. Rdd2 Qf3 27. Qd7 Qh1+ 28. Rc1 Qf3 29. Rdc2 h6 30. Ka1 Qf6 31. a3 Rb3 32. Qxa4 Qf7 33. Qc6 Rd3 34. Kb1 Qxd5 35. Qxd5+ Rxd5 36. Ka2 Rdb5 37. b4 Ra8 38. Kb3 Kf7 39. Rc4 Ke6 40. a4 Rb7 41. b5 Kd5 42. Rd1+ Ke6 43. Rxe4 h5 44. Rc4 g6 45. f4 exf4 46. Bxf4 Rba7 47. Re1+ Kd5 48. Rd1+ Ke6 49. Bxd6 cxd6 50. Rcd4 Rd8 51. Kb4 Rdd7 52. a5 Rac7 53. b6 Rc5 54. a6 Rc6 55. b7 Rxa6 56. b8=Q 1-0


[Site "https://www.chess.com"]

[Event "Titled Tuesday Blitz February 28 Early 2023"]
[White "Valgmae, Toomas"]
[Black "Derix, Bernhard"]
[WhiteFideId "4502523"]
[BlackFideId "4642368"]
[WhiteElo "2170"]
[BlackElo "2595"]
[Result "0-1"]
[Round "09"]
[TimeControl "180+2"]
[Date "2023.02.28"]
[WhiteClock "0:00:15"]
[BlackClock "0:01:10"]

1. d4 Nf6 2. c4 g6 3. Nc3 Bg7 4. e4 d6 5. Be2 O-O 6. Bg5 Na6 7. Qd2 e5 8. d5 c6 9. f3 cxd5 10. Nxd5 Be6 11. O-O-O Bxd5 12. cxd5 Nc5 13. Kb1 a5 14. Nh3 a4 15. Rc1 Qb6 16. Be3 Rfc8 17. Rc4 Nfd7 18. Rhc1 Qd8 19. Nf2 b5 20. Rb4 Qh4 21. h3 Qg3 22. Bf1 f5 23. Nd3 fxe4 24. fxe4 Rf8 25. Nxc5 Nxc5 26. Bxc5 dxc5 27. Rxb5 a3 28. b3 Rf2 29. Qd3 Rb2+ 30. Ka1 Qf2 31. Qc3 Rxa2+ 32. Kb1 Rb2+ 33. Ka1 Bh6 34. Rd1 Rc2 0-1


[Site "https://www.chess.com"]